 Dungeon Crawl Stone Soup version 0.27.1-33-g824d729ab1 (webtiles) character file.

Game seed: 6655049566041934439

19 raph the Stinger (level 2, 0/15 HPs)
             Began as a Deep Elf Venom Mage on Dec 8, 2021.
             Succumbed to an adder's poison
             ... on level 1 of the Dungeon.
             The game lasted 00:02:04 (1295 turns).

raph the Stinger (Deep Elf Venom Mage)              Turns: 1295, Time: 00:02:04

Health: 0/15       AC:  2    Str:  5    XL:     2   Next: 55%
Magic:  7/8        EV: 12    Int: 19    God:
Gold:   11         SH:  0    Dex: 15    Spells: 4/7 levels left

rFire    . . .     SeeInvis .   c - +0 dagger
rCold    . . .     Faith    .   (no shield)
rNeg     . . .     Spirit   .   a - +0 robe
rPois    .         Reflect  .   (no helmet)
rElec    .         Harm     .   (no cloak)
rCorr    .         Rampage  .   (no gloves)
Will     .....                  (no boots)
Stlth    ++........             (no amulet)
HPRegen  0.05/turn              (no ring)
MPRegen  0.11/turn              (no ring)

@: lethally poisoned (0 -> -2), hasted, very quick
A: no striking features
a: no special abilities


You were on level 1 of the Dungeon.
You visited 1 branch of the dungeon, and saw 2 of its levels.

You collected 35 gold pieces.
You spent 24 gold pieces at shops.

Inventory:

Hand Weapons
 c - a +0 dagger (weapon)
Armour
 a - a +0 robe (worn)
Scrolls
 e - 2 scrolls of immolation
Potions
 b - a potion of might


   Skills:
 - Level 2.4 Dodging
 - Level 2.4 Stealth
 - Level 3.0 Spellcasting
 - Level 1.1 Transmutations
 + Level 4.3 Poison Magic


You had 4 spell levels left.
You knew the following spells:

 Your Spells              Type           Power      Damage    Failure   Level
a - Sting                 Tmut/Pois      52%        1d5       4%          1
b - Poisonous Vapours     Pois/Air       22%        N/A       10%         2

Your spell library contained the following spells:

 Spells                   Type           Power      Damage    Failure   Level
 Mephitic Cloud           Conj/Pois/Air  8%         N/A       26%         3
 Olgreb's Toxic Radiance  Pois           19%        N/A       26%         4


Dungeon Overview and Level Annotations

Branches:
Dungeon (2/15)

Altars:

Shops:
D:1 ?


Message History

Unknown command.
f - a scroll of identify Thank you for shopping at Nusmuop's Magic Scroll Shop!
You can access your shopping list by pressing '$'.
As you read the scroll of identify, it crumbles to dust.
b - a potion of might
As you read the scroll labelled QUIMINWIECO, it crumbles to dust.
The air around you briefly surges with heat, but it dissipates.
It was a scroll of immolation.
Okay, then.
Done exploring.
There is a stone staircase leading down here.
You climb downwards.
There is a stone staircase leading up here.
An adder and a worm come into view.
Found 6 gold pieces.
The adder hisses angrily.
The adder moves out of view.
The adder bites you. The adder barely misses you. The adder barely misses you.
The adder bites you.
You are poisoned.
The adder poisons you!
Aiming: Sting (safe; 4% risk of failure)
Press: ? - help, Q - select action, (/) - cycle Shift-Dir - straight line, f - adder
Aim: an adder (53% to hit)
The sting misses the adder.
You feel sick. The adder bites you.
* * * LOW HITPOINT WARNING * * *
* * * LOW HITPOINT WARNING * * *
You feel sick.
There is a stone staircase leading up here.
* * * LOW HITPOINT WARNING * * *
You feel sick. The adder barely misses you. x2
You climb upwards.
* * * LOW HITPOINT WARNING * * *
You feel sick.
There is a stone staircase leading down here.
It was a potion of haste.
You feel yourself speed up.
You die...

####.# ######### #....# #........
#.################.####... #
#.#.................#.....
########.#.##############....#...
.........#.........#######.#.#.##
##########.........#...........##
##########......S..#.#####.#.####
................@..........#.....
##########..........#############
.................................
###########..........############
#.........'......................
#.#########........#..###########
#.# #........##.## #.#
###########..# #.# ##.#


You could see an adder.

Vanquished Creatures
  A dart slug (D:1)
  A bat (D:1)
  An endoplasm (D:1)
  A giant cockroach (D:1)
  A goblin (D:1)
  3 jackals (D:1)
  A kobold (D:1)
  A quokka (D:2)
  2 frilled lizards
  4 rats (D:1)
16 creatures vanquished.

Notes
Turn   | Place    | Note
-------+----------+-------------------------------------------
     0 | D:1      | raph the Deep Elf Venom Mage began the quest for the Orb.
     0 | D:1      | Reached XP level 1. HP: 10/10 MP: 6/6
   158 | D:1      | You fall into a shaft and drop 1 floor!
   392 | D:1      | Reached skill level 4 in Poison Magic
   392 | D:1      | Reached XP level 2. HP: 15/15 MP: 4/8
   395 | D:1      | Learned a level 2 spell: Poisonous Vapours
   617 | D:1      | Found Nusmuop's Magic Scroll Shop.
  1259 | D:1      | Bought a scroll of identify for 24 gold pieces
  1295 | D:1      | Succumbed to an adder's poison

Illustrated notes

Levels and vault maps discovered:
D:1:      dpeg_arrival_three_same_balls, layout_basic, serial_shops,
          nicolae_square_shop
D:2:      layout_loops_corners

Skill      XL: |  1 |
---------------+----+-----
Poison Magic   | 4 |  4.3
Dodging        | |  2.4
Stealth        | |  2.4
Spellcasting   | |  3.0
Transmutations | |  1.1

Action                   || total
-------------------------++-------
 Cast: Sting             ||    25
  Use: Scroll            ||     2
       Potion            ||     1
Armor: Robe              ||     2
Dodge: Dodged            ||    10
